 Dungeon Crawl Stone Soup version 0.26.1-11-gd32895ea62 (webtiles) character file.

Game seed: 12728274444851329447

1362 Almogavar the Carver (level 8, -1/105 HPs)
             Began as a Minotaur Berserker on July 9, 2021.
             Was a Priest of Trog.
             Slain by an orc warrior
             ... wielding a +0 halberd
              (16 damage)
             ... on level 6 of the Dungeon.
             The game lasted 00:11:20 (6317 turns).

Almogavar the Carver (Minotaur Berserker)           Turns: 6317, Time: 00:11:20

Health: -1/105     AC: 10    Str: 24    XL:     8   Next: 37%
Magic:  7/7        EV: 12    Int:  4    God:    Trog [***...]
Gold:   309        SH:  3    Dex: 10    Spells: 7/7 levels left

rFire    . . .     SeeInvis .   a - +0 falchion
rCold    + . .     Faith    .   p - +0 buckler
rNeg     . . .     Spirit   .   B - +1 ring mail {rC+}
rPois    +         Reflect  .   (helmet restricted)
rElec    .         Harm     .   C - +0 cloak
rCorr    .         Rampage  .   (no gloves)
Will     .....                  u - +0 pair of boots
Stlth    ..........             (no amulet)
HPRegen  0.27/turn              E - ring of poison resistance
MPRegen  0.10/turn              m - ring of stealth

@: berserking, very quick
A: retaliatory headbutt, horns 2
a: Renounce Religion, Berserk, Trog's Hand


You were on level 6 of the Dungeon.
You worshipped Trog.
Trog was most pleased with you.
You visited 1 branch of the dungeon, and saw 6 of its levels.

You collected 309 gold pieces.

Inventory:

Hand Weapons
 a - a +0 falchion (weapon)
 f - a +0 hunting sling
 A - a +2 dire flail of draining
Missiles
 c - 162 stones
 d - 18 bolts
 j - 34 sling bullets
Armour
 o - a +0 chain mail
 p - a +0 buckler (worn)
 r - a +0 tower shield
 u - a +0 pair of boots (worn)
 B - a +1 ring mail of cold resistance (worn)
 C - a +0 cloak (worn)
Jewellery
 m - a ring of stealth (right hand)
 y - an uncursed amulet of faith {unknown}
 E - a ring of poison resistance (left hand)
Scrolls
 b - 2 scrolls of remove curse
 e - a scroll of magic mapping {unknown}
 h - 2 scrolls of enchant armour
 k - a scroll of blinking
 l - a scroll of fear {unknown}
 n - a scroll of fog {unknown}
 x - 2 scrolls of teleportation
 z - a scroll of enchant weapon {unknown}
Potions
 g - a potion of invisibility {unknown}
 i - a potion of lignification {unknown}
 q - 5 potions of curing {unknown}
 s - a potion of berserk rage
 t - 3 potions of flight {unknown}
 v - 2 potions of magic {unknown}
 w - a potion of brilliance {unknown}
 D - a potion of haste {unknown}


   Skills:
 + Level 6.2 Fighting
 + Level 8.1 Long Blades
 + Level 7.2 Armour
 + Level 4.5 Dodging
 - Level 0.6 Stealth
 + Level 1.7 Shields


You had 7 spell levels left.
You didn't know any spells.
Your spell library was empty.

Dungeon Overview and Level Annotations

Branches:
Dungeon (6/15)
 Temple: D:4-7

Altars:


Innate Abilities, Weirdness & Mutations

You reflexively headbutt those who attack you in melee.
You have a pair of horns on your head.


Message History

A red film seems to cover your vision as you go berserk!
You feel yourself moving faster!
You feel mighty! The orc closely misses you.
The orc warrior hits you from afar with a +0 halberd!!
* * * LOW HITPOINT WARNING * * *
You are too injured to fight recklessly!
You are too injured to fight recklessly!
You are too injured to fight recklessly!
Unknown command.
You are too injured to fight recklessly!
You closely miss the orc. Your headbutt misses the orc. You slash the orc!
You kill the orc!
Trog accepts your kill. The orc completely misses you.
You riposte.
You closely miss the orc. You headbutt the orc!
You feel the power of Trog in you as your rage grows.
You kill the orc!
Trog accepts your kill.
The orc warrior hits you from afar with a +0 halberd!
You die...

.# #.# #...#
.##############.##########...#
..............#.##....?..#...#
.#.#####.##.#.#.##.#####.....#
.#..# ####.#.#.# ####......#
###..+ #.....##.............#
..+ ###.........##........#
### #####..###.#..##......###
#........@BV............#
#######.##).#.#.#..#..#.# #..
So..# #..##.#.# #.##.o.....
#<# .##.#.. #.# .# .# . #.. ..
# ## .#


You could see a vampire, an orc warrior, a worker ant, an orc priest and an
adder.

Vanquished Creatures
  Edmund (D:4)
  2 phantoms
  2 ogres (D:4)
  3 bullfrogs
  3 wights (D:6)
  2 howler monkeys
  Crazy Yiuf (D:4)
  Jessica (D:3)
  2 iguanas (D:4)
  2 orc wizards
  6 worker ants
  A worker ant zombie (D:5)
  3 gnolls (D:2)
  4 adders
  A shadow imp (D:6)
  A white imp (D:5)
  An ufetubus (D:6)
  2 oozes (D:3)
  2 adder zombies (D:5)
  2 worms
  5 dart slugs
  3 leopard geckos
  10 orcs
  2 giant cockroaches
  9 hobgoblins
  14 jackals
  2 kobolds (D:1)
  A quokka (D:3)
  8 bats
  5 frilled lizards
  14 goblins
  4 rats
119 creatures vanquished.

Notes
Turn   | Place    | Note
-------+----------+-------------------------------------------
     0 | D:1      | Almogavar the Minotaur Berserker began the quest for the
                  | Orb.
     0 | D:1      | Reached XP level 1. HP: 19/19 MP: 0/0
   303 | D:1      | Reached XP level 2. HP: 27/27 MP: 1/1
   382 | D:1      | Reached skill level 4 in Long Blades
   873 | D:2      | Reached XP level 3. HP: 18/33 MP: 2/2
  1226 | D:2      | Reached ** piety under Trog
  1242 | D:2      | Reached XP level 4. HP: 41/41 MP: 3/3
  1323 | D:2      | Found a faded altar of an unknown god.
  1846 | D:3      | Reached skill level 5 in Long Blades
  2289 | D:3      | Reached XP level 5. HP: 47/47 MP: 4/4
  2399 | D:3      | Noticed Jessica
  2408 | D:3      | Killed Jessica
  2409 | D:3      | Reached skill level 5 in Fighting
  3141 | D:4      | Reached XP level 6. HP: 50/56 MP: 5/5
  3155 | D:4      | Reached skill level 6 in Long Blades
  3430 | D:4      | Reached skill level 5 in Armour
  3771 | D:4      | Found a runed translucent door.
  3772 | D:4      | Noticed Crazy Yiuf
  4050 | D:4      | Reached XP level 7. HP: 53/61 MP: 6/6
  4179 | D:4      | Noticed Edmund
  4192 | D:4      | Killed Edmund
  4301 | D:4      | Reached skill level 7 in Long Blades
  4521 | D:4      | Killed Crazy Yiuf
  4589 | D:5      | Entered Level 5 of the Dungeon
  4957 | D:5      | Reached *** piety under Trog
  5134 | D:5      | Reached skill level 1 in Shields
  5509 | D:5      | Reached XP level 8. HP: 64/70 MP: 7/7
  6188 | D:6      | Reached skill level 8 in Long Blades
  6317 | D:6      | Slain by an orc warrior

Illustrated notes

Levels and vault maps discovered:
D:1:      dpeg_arrival_lava_temple_mockup, layout_basic
D:2:      layout_loops_ring, chequers_ecumenical_altar_simple_redux
D:3:      layout_loops_corners, kennysheep_jessica_study, uniq_jessica
D:4:      layout_loops_cross, kennysheep_potato, uniq_edmund,
          uniq_crazy_yiuf_cottage
D:5:      layout_layer_cave, corexii_hall_statues_i
D:6:      layout_loops_cross, gammafunk_temple_overflow_wave,
          minmay_temple_entry_trees, portal_sewer_entry_d, moated_statue,
          uniq_duvessa

Skill      XL: |  1  2  3  4  5  6  7  8 |
---------------+-------------------------+-----
Fighting       | 4 5 6 |  6.2
Long Blades    | 4 5 6 7 8 |  8.1
Armour         | 3 4 5 6 7 |  7.2
Dodging        | 3 4 |  4.5
Shields        | 1 |  1.7
Stealth        | |  0.6

Action                   |  1- 3 |  4- 6 |  7- 9 || total
-------------------------+-------+-------+-------++-------
Melee: Falchion          |    55 |   156 |   133 ||   344
       Headbutt          |     9 |    31 |    40 ||    80
 Fire: Hunting sling     |       |     4 |       ||     4
Invok: Berserk           |     1 |       |     3 ||     4
  Use: Scroll            |       |     1 |    10 ||    11
Armor: Scale mail        |    16 |    59 |     3 ||    78
       Ring mail         |       |       |    40 ||    40
Dodge: Dodged            |    30 |    81 |    63 ||   174
Block: Buckler           |       |     4 |    15 ||    19
       Rpst.: Falchion   |     8 |    13 |    15 ||    36
